TOP OF THE 1ST |
Jackson Generals batting - Pitching for New Hampshire Fisher Cats : RHP Orlando Giron
|
Pitching: RHP Orlando Giron
|
|
Batting: RHB Malik Brookshire
|
0-0: Ball 1-0: Ball 2-0: Called Strike 2-1: Ball 3-1: Ground out 4-3 (Groundball, 4, EV 85.6 MPH)
|
Batting: LHB Ignacio Bernal
|
0-0: Ball 1-0: Swinging Strike 1-1: Ball 2-1: SINGLE (Groundball, 6MD, EV 105.6 MPH)
|
Batting: LHB Jerrod Cluck
|
0-0: Ball Balk! Ignacio Bernal to second 1-0: Foul Ball, location: 2F 1-1: TRIPLE (Flyball, 89XD, EV 113.8 MPH) Ignacio Bernal scores
|
Batting: LHB Cliff Thomas
|
0-0: Foul Ball, location: 2F 0-1: Ball 1-1: Called Strike 1-2: 2-RUN HOME RUN (Flyball, 9D, EV 107.5 MPH), Distance : 434 ft
|
Batting: RHB Harutomi Matsubara
|
0-0: SINGLE (Groundball, 25, EV 68.8 MPH) (infield hit)
|
Batting: LHB Dwain Ashford
|
0-0: Ball 1-0: Ball 2-0: Ball 3-0: Called Strike 3-1: Foul Ball, location: 2F 3-2: Base on Balls Harutomi Matsubara to second
|
Batting: LHB Tom Reynolds
|
0-0: Called Strike Harutomi Matsubara steals 3rd base 0-1: Called Strike 0-2: Ball 1-2: Foul Ball, location: 2F 1-2: Ball 2-2: Foul Ball, location: 2F 2-2: Foul Ball, location: 2F 2-2: Fly out, F8 (Flyball, 8RD, EV 100.0 MPH) Runner from 3rd tags up, OUT at HOME! 8-2
|
Top of the 1st over - 3 runs, 4 hits, 0 errors, 1 left on base; Jackson 3 - New Hampshire 0 |
BOTTOM OF THE 1ST |
New Hampshire Fisher Cats batting - Pitching for Jackson Generals : RHP Justin Lee
|
Pitching: RHP Justin Lee
|
|
Batting: LHB Ray Whitehead
|
0-0: Ground out 4-3 (Groundball, 4, EV 106.9 MPH)
|
Batting: LHB Sumiki Okuhara
|
0-0: Ball 1-0: Ball 2-0: Foul Ball, location: 2F 2-1: Swinging Strike 2-2: Foul Ball, location: 2F 2-2: Ground out 6-3 (Groundball, 6M, EV 88.1 MPH)
|
Batting: RHB Donny Burnside
|
0-0: Ball 1-0: Foul Ball, location: 2F 1-1: Ball 2-1: Fly out, F7 (Flyball, 7LS, EV 91.9 MPH)
|
Bottom of the 1st over - 0 runs, 0 hits, 0 errors, 0 left on base; Jackson 3 - New Hampshire 0 |
TOP OF THE 2ND |
Jackson Generals batting - Pitching for New Hampshire Fisher Cats : RHP Orlando Giron
|
Batting: RHB Brad Robidas
|
0-0: Called Strike 0-1: Ball 1-1: TRIPLE (Groundball, 3L, EV 103.8 MPH)
|
Batting: LHB Matt Purke Jr.
|
0-0: Called Strike 0-1: Ball 1-1: Ball 2-1: Foul Ball, location: 2F 2-2: Ground out U3 (Groundball, 3, EV 83.8 MPH)
|
Batting: RHB Malik Brookshire
|
0-0: Ball 1-0: Called Strike 1-1: Ball 2-1: Fly out, F8 (Line Drive, 8RD, EV 90.6 MPH) Runner from 3rd tags up, SCORES, throw by CF
|
Batting: LHB Ignacio Bernal
|
0-0: Foul Ball, location: 2F 0-1: Called Strike 0-2: Strikes out swinging
|
Top of the 2nd over - 1 run, 1 hit, 0 errors, 0 left on base; Jackson 4 - New Hampshire 0 |
BOTTOM OF THE 2ND |
New Hampshire Fisher Cats batting - Pitching for Jackson Generals : RHP Justin Lee
|
Batting: RHB Eddie LaRose
|
0-0: Swinging Strike 0-1: Ground out U3 (Groundball, 34, EV 91.3 MPH)
|
Batting: LHB Rodrigo Briceno
|
0-0: Ball 1-0: Swinging Strike 1-1: Ball 2-1: Ball 3-1: Called Strike 3-2: Foul Ball, location: 2F 3-2: DOUBLE (Line Drive, 78D, EV 101.9 MPH)
|
Batting: RHB Jorge Baret
|
0-0: Ball 1-0: Fly out, F6 (Flyball, 6D, EV 90.0 MPH)
|
Batting: RHB Takanibu Kaneshiro
|
0-0: Ball 1-0: Called Strike 1-1: Ball 2-1: Ball 3-1: Swinging Strike 3-2: Foul Ball, location: 2F 3-2: Strikes out swinging
|
Bottom of the 2nd over - 0 runs, 1 hit, 0 errors, 1 left on base; Jackson 4 - New Hampshire 0 |
TOP OF THE 3RD |
Jackson Generals batting - Pitching for New Hampshire Fisher Cats : RHP Orlando Giron
|
Batting: LHB Jerrod Cluck
|
0-0: Ball 1-0: Foul Ball, location: 2F 1-1: Fly out, F8 (Flyball, 78XD, EV 91.9 MPH)
|
Batting: LHB Cliff Thomas
|
0-0: Ball 1-0: Called Strike 1-1: Foul Ball, location: 2F 1-2: DOUBLE (Line Drive, 9LS, EV 109.4 MPH) - OUT at third base trying to stretch hit.
|
Batting: RHB Harutomi Matsubara
|
0-0: Called Strike 0-1: Ball 1-1: Foul Ball, location: 2F 1-2: Strikes out swinging
|
Top of the 3rd over - 0 runs, 1 hit, 0 errors, 0 left on base; Jackson 4 - New Hampshire 0 |
BOTTOM OF THE 3RD |
New Hampshire Fisher Cats batting - Pitching for Jackson Generals : RHP Justin Lee
|
Batting: RHB Cyril Husson
|
0-0: Foul Ball, location: 2F 0-1: Foul Ball, location: 2F 0-2: Ball 1-2: Fly out, F9 (Flyball, 9D, EV 106.9 MPH)
|
Batting: RHB Nick Wicker
|
0-0: Foul Ball, location: 2F 0-1: Foul Ball, location: 2F 0-2: Ball 1-2: Ball 2-2: Ball 3-2: Strikes out looking
|
Batting: LHB Ray Whitehead
|
0-0: Called Strike 0-1: Ball 1-1: Ball 2-1: Foul Ball, location: 2F 2-2: Foul Ball, location: 2F 2-2: Ground out 4-3 (Groundball, 4, EV 82.5 MPH)
|
Bottom of the 3rd over - 0 runs, 0 hits, 0 errors, 0 left on base; Jackson 4 - New Hampshire 0 |
TOP OF THE 4TH |
Jackson Generals batting - Pitching for New Hampshire Fisher Cats : RHP Orlando Giron
|
Batting: LHB Dwain Ashford
|
0-0: Ball 1-0: Ball 2-0: Ground out U3 (Groundball, 3L, EV 85.0 MPH)
|
Batting: LHB Tom Reynolds
|
0-0: Foul Ball, location: 2F 0-1: Fly out, F5 (Popup, 15S, EV 86.3 MPH)
|
Batting: RHB Brad Robidas
|
0-0: Ball 1-0: Ball 2-0: Swinging Strike 2-1: Ground out 6-3 (Groundball, 6, EV 103.8 MPH)
|
Top of the 4th over - 0 runs, 0 hits, 0 errors, 0 left on base; Jackson 4 - New Hampshire 0 |
BOTTOM OF THE 4TH |
New Hampshire Fisher Cats batting - Pitching for Jackson Generals : RHP Justin Lee
|
Batting: LHB Sumiki Okuhara
|
0-0: Ball 1-0: Ball 2-0: Ball 3-0: Called Strike 3-1: Base on Balls
|
Batting: RHB Donny Burnside
|
0-0: Swinging Strike 0-1: Called Strike Sumiki Okuhara steals 2nd base 0-2: Strikes out swinging
|
Batting: RHB Eddie LaRose
|
0-0: Called Strike 0-1: Foul Ball, location: 2F 0-2: Foul Ball, location: 2F 0-2: Ball 1-2: Ball 2-2: Fly out, F8 (Flyball, 8RM, EV 81.3 MPH)
|
Batting: LHB Rodrigo Briceno
|
0-0: Swinging Strike 0-1: Ground out 1-3 (Groundball, P, EV 76.3 MPH)
|
Bottom of the 4th over - 0 runs, 0 hits, 0 errors, 1 left on base; Jackson 4 - New Hampshire 0 |
TOP OF THE 5TH |
Jackson Generals batting - Pitching for New Hampshire Fisher Cats : RHP Orlando Giron
|
Batting: LHB Matt Purke Jr.
|
0-0: Called Strike 0-1: Fly out, F8 (Flyball, 8LS, EV 95.0 MPH)
|
Batting: RHB Malik Brookshire
|
0-0: Called Strike 0-1: Ball 1-1: DOUBLE (Groundball, 5L, EV 110.6 MPH)
|
Batting: LHB Ignacio Bernal
|
0-0: Ground out 5-3 (Groundball, 56, EV 86.9 MPH)
|
Batting: LHB Jerrod Cluck
|
0-0: Swinging Strike 0-1: Ball 1-1: Swinging Strike 1-2: Foul Ball, location: 2F 1-2: Ball 2-2: DOUBLE (Flyball, 8RXD, EV 98.1 MPH) Malik Brookshire scores
|
Pitching: RHP Niclas Boman
|
|
Batting: LHB Cliff Thomas
|
0-0: Ball 1-0: Ball 2-0: Foul Ball, location: 2F 2-1: Foul Ball, location: 2F 2-2: Foul Ball, location: 2F 2-2: Strikes out swinging
|
Top of the 5th over - 1 run, 2 hits, 0 errors, 1 left on base; Jackson 5 - New Hampshire 0 |
BOTTOM OF THE 5TH |
New Hampshire Fisher Cats batting - Pitching for Jackson Generals : RHP Justin Lee
|
Batting: RHB Jorge Baret
|
0-0: SOLO HOME RUN (Flyball, 7LD, EV 101.3 MPH), Distance : 357 ft
|
Batting: RHB Takanibu Kaneshiro
|
0-0: Swinging Strike 0-1: Swinging Strike 0-2: Ball 1-2: Strikes out swinging
|
Batting: RHB Cyril Husson
|
0-0: Foul Ball, location: 2F 0-1: Swinging Strike 0-2: Ball 1-2: Ball 2-2: Ball 3-2: Strikes out swinging
|
Batting: RHB Nick Wicker
|
0-0: Foul Ball, location: 2F 0-1: Ball 1-1: Foul Ball, location: 2F 1-2: Fly out, F8 (Flyball, 8LM, EV 81.9 MPH)
|
Bottom of the 5th over - 1 run, 1 hit, 0 errors, 0 left on base; Jackson 5 - New Hampshire 1 |
TOP OF THE 6TH |
Jackson Generals batting - Pitching for New Hampshire Fisher Cats : RHP Niclas Boman
|
Batting: RHB Harutomi Matsubara
|
0-0: Called Strike 0-1: Foul Ball, location: 2F 0-2: Foul Ball, location: 2F 0-2: Ground out 4-3 (Groundball, 4M, EV 86.9 MPH)
|
Batting: LHB Dwain Ashford
|
0-0: Called Strike 0-1: Ball 1-1: Foul Ball, location: 2F 1-2: Ground out U3 (Groundball, 3L, EV 96.9 MPH)
|
Batting: LHB Tom Reynolds
|
0-0: Ball 1-0: Ball 2-0: Called Strike 2-1: Ball 3-1: Base on Balls
|
Batting: RHB Brad Robidas
|
0-0: Called Strike 0-1: Called Strike 0-2: Ball 1-2: Ball 2-2: Ball 3-2: Strikes out looking
|
Top of the 6th over - 0 runs, 0 hits, 0 errors, 1 left on base; Jackson 5 - New Hampshire 1 |
BOTTOM OF THE 6TH |
New Hampshire Fisher Cats batting - Pitching for Jackson Generals : RHP Justin Lee
|
Batting: LHB Ray Whitehead
|
0-0: Called Strike 0-1: Ball 1-1: Swinging Strike 1-2: Ball 2-2: SINGLE (Line Drive, 89S, EV 110.0 MPH)
|
Pitching: RHP Kurt Loscalzo
|
|
Batting: LHB Sumiki Okuhara
|
0-0: Ball 1-0: Foul Ball, location: 2F 1-1: Swinging Strike 1-2: Ball 2-2: Ball 3-2: Foul Ball, location: 2F 3-2: Base on Balls Ray Whitehead to second
|
Batting: RHB Donny Burnside
|
0-0: Ball Ray Whitehead steals 3rd base Sumiki Okuhara to second 1-0: Foul Ball, location: 2F 1-1: Ball 2-1: Foul Ball, location: 2F 2-2: Ground out 6-3 (Groundball, 6, EV 86.3 MPH) Ray Whitehead scores Sumiki Okuhara to third
|
Batting: RHB Eddie LaRose
|
0-0: Foul Ball, location: 2F 0-1: Fly out, F9 (Flyball, 9, EV 98.1 MPH)
|
Batting: LHB Rodrigo Briceno
|
0-0: Foul Ball, location: 2F 0-1: Swinging Strike 0-2: Ground out 5-3 (Groundball, 56, EV 97.5 MPH)
|
Bottom of the 6th over - 1 run, 1 hit, 0 errors, 1 left on base; Jackson 5 - New Hampshire 2 |
TOP OF THE 7TH |
Jackson Generals batting - Pitching for New Hampshire Fisher Cats : RHP Niclas Boman
|
Batting: LHB Matt Purke Jr.
|
0-0: Ground out U3 (Groundball, 3, EV 99.4 MPH)
|
Batting: RHB Malik Brookshire
|
0-0: Ball 1-0: Swinging Strike 1-1: Ball 2-1: Foul Ball, location: 2F 2-2: Foul Ball, location: 2F 2-2: Foul Ball, location: 2F 2-2: Strikes out looking
|
Batting: LHB Ignacio Bernal
|
0-0: Called Strike 0-1: Ball 1-1: Foul Ball, location: 2F 1-2: Foul Ball, location: 2F 1-2: Strikes out swinging, 2-3 out at first.
|
Top of the 7th over - 0 runs, 0 hits, 0 errors, 0 left on base; Jackson 5 - New Hampshire 2 |
BOTTOM OF THE 7TH |
New Hampshire Fisher Cats batting - Pitching for Jackson Generals : RHP Kurt Loscalzo
|
Pitching: RHP Tyler Rayner
|
|
Batting: RHB Jorge Baret
|
0-0: Foul Ball, location: 2F 0-1: Ball 1-1: Foul Ball, location: 2F 1-2: Reached on error, E6 (Groundball, 6, EV 80.0 MPH)
|
Batting: RHB Takanibu Kaneshiro
|
0-0: Ball Jorge Baret is caught stealing 2nd base 2-4 1-0: Foul Ball, location: 2F 1-1: Swinging Strike 1-2: Strikes out swinging, 2-3 out at first.
|
Batting: RHB Cyril Husson
|
0-0: Called Strike 0-1: Ball 1-1: Ball 2-1: Foul Ball, location: 2F 2-2: Ground out 4-3 (Groundball, 4M, EV 100.6 MPH)
|
Bottom of the 7th over - 0 runs, 0 hits, 1 error, 0 left on base; Jackson 5 - New Hampshire 2 |
TOP OF THE 8TH |
Jackson Generals batting - Pitching for New Hampshire Fisher Cats : RHP Niclas Boman
|
Pitching: RHP Andy Lee
|
|
Batting: LHB Jerrod Cluck
|
0-0: Swinging Strike 0-1: SINGLE (Groundball, 4MD, EV 103.8 MPH) (infield hit)
|
Batting: LHB Cliff Thomas
|
0-0: Ground out U3 (Groundball, 34S, EV 61.3 MPH) Jerrod Cluck to second
|
Batting: RHB Harutomi Matsubara
|
0-0: Ball 1-0: Foul Ball, location: 2F 1-1: Called Strike 1-2: Ball 2-2: SINGLE (Groundball, 5S, EV 65.0 MPH) (infield hit) Jerrod Cluck to third
|
Batting: LHB Dwain Ashford
|
0-0: Called Strike 0-1: Ground out 5-3 (Groundball, 56, EV 91.3 MPH) Harutomi Matsubara to second
|
Batting: LHB Tom Reynolds
|
0-0: Ball 1-0: Foul Ball, location: 2F 1-1: Fly out, F8 (Flyball, 8RS, EV 98.1 MPH)
|
Top of the 8th over - 0 runs, 2 hits, 0 errors, 2 left on base; Jackson 5 - New Hampshire 2 |
BOTTOM OF THE 8TH |
New Hampshire Fisher Cats batting - Pitching for Jackson Generals : RHP Tyler Rayner
|
Pitching: RHP Mark Case
|
|
Now at 1B: Cliff Thomas
|
|
Now in RF: Joe Stading
|
|
Batting: RHB Nick Wicker
|
0-0: Ball 1-0: Swinging Strike 1-1: Ball 2-1: Called Strike 2-2: Strikes out swinging
|
Batting: LHB Ray Whitehead
|
0-0: Foul Ball, location: 2F 0-1: Foul Ball, location: 2F 0-2: Ball 1-2: Strikes out swinging
|
Batting: LHB Sumiki Okuhara
|
0-0: DOUBLE (Line Drive, 3D, EV 94.4 MPH)
|
Batting: RHB Donny Burnside
|
0-0: Hit by Pitch
|
Batting: RHB Eddie LaRose
|
0-0: Called Strike 0-1: Called Strike 0-2: Ball 1-2: Ground out 5-3 (Groundball, 25, EV 84.4 MPH)
|
Bottom of the 8th over - 0 runs, 1 hit, 0 errors, 2 left on base; Jackson 5 - New Hampshire 2 |
TOP OF THE 9TH |
Jackson Generals batting - Pitching for New Hampshire Fisher Cats : RHP Andy Lee
|
Batting: RHB Brad Robidas
|
0-0: Ball 1-0: Called Strike 1-1: Ball 2-1: Ball 3-1: Foul Ball, location: 2F 3-2: Fly out, F9 (Flyball, 9, EV 85.6 MPH)
|
Batting: RHB Joe Stading
|
0-0: Ball 1-0: Ball 2-0: Foul Ball, location: 2F 2-1: SINGLE (Groundball, 4MD, EV 98.1 MPH)
|
Batting: RHB Malik Brookshire
|
0-0: Called Strike 0-1: Foul Ball, location: 2F 0-2: Foul Ball, location: 2F 0-2: Foul Ball, location: 2F 0-2: Foul Ball, location: 2F 0-2: Foul Ball, location: 2F 0-2: Strikes out looking
|
Batting: LHB Ignacio Bernal
|
0-0: Ball 1-0: Ball 2-0: Ball 3-0: Called Strike 3-1: Foul Ball, location: 2F 3-2: SINGLE (Groundball, 34, EV 111.9 MPH) Joe Stading to second Joe Stading to third
|
Pitching: LHP Doug Axelsen
|
|
Batting: LHB Jerrod Cluck
|
0-0: Ball 1-0: Called Strike 1-1: Foul Ball, location: 2F 1-2: Foul Ball, location: 2F 1-2: Foul Ball, location: 2F 1-2: SINGLE (Groundball, 5S, EV 73.1 MPH) (infield hit) Joe Stading scores Ignacio Bernal to second
|
Batting: LHB Cliff Thomas
|
0-0: Ball 1-0: Fielders Choice at 2nd, U4 (Groundball, 4M, EV 84.4 MPH)
|
Top of the 9th over - 1 run, 3 hits, 0 errors, 2 left on base; Jackson 6 - New Hampshire 2 |
BOTTOM OF THE 9TH |
New Hampshire Fisher Cats batting - Pitching for Jackson Generals : RHP Mark Case
|
Pitching: RHP Victor Cervantes
|
|
Batting: LHB Rodrigo Briceno
|
0-0: Called Strike 0-1: Ball 1-1: Ball 2-1: Ball 3-1: Base on Balls
|
Batting: RHB Jorge Baret
|
0-0: Ball 1-0: Grounds into double play, 3-6-3 (Groundball, 34, EV 79.4 MPH)
|
Batting: RHB Takanibu Kaneshiro
|
0-0: Ball 1-0: Ball 2-0: Ground out U3 (Groundball, 34S, EV 81.3 MPH)
|
Bottom of the 9th over - 0 runs, 0 hits, 0 errors, 0 left on base; Jackson 6 - New Hampshire 2 |
|